 Dungeon Crawl Stone Soup version 0.25-a0-265-g7af84ae0ac (webtiles) character file.

Game seed: 655642438477857212, levelgen mode: deterministic

82 Redear the Shield-Bearer (level 4, -2/31 HPs)
             Began as an Octopode Fighter on Dec 8, 2019.
             Slain by Sigmund
             ... wielding a +1 scythe of flaming
              (8 damage)
             ... on level 2 of the Dungeon.
             The game lasted 00:01:19 (1543 turns).

Redear the Shield-Bearer (Octopode Fighter)         Turns: 1543, Time: 00:01:19

Health: -2/31      AC:  1    Str: 15    XL:     4   Next: 43%
Magic:  4/4        EV: 12    Int: 10    God:
Gold:   60         SH:  9    Dex: 12    Spells: 3/3 levels left

rFire    . . .     SeeInvis .   d - +1 short sword (venom)
rCold    . . .     Gourm    .   b - +0 shield
rNeg     . . .     Faith    .   (helmet restricted)
rPois    .         Spirit   .   (no amulet)
rElec    .         Reflect  .   (no ring)
rCorr    .         Harm     .   (no ring)
MR       .....                  (no ring)
Stlth    +++.......             (no ring)
HPRegen  0.10/turn              (no ring)
MPRegen  0.09/turn              (no ring)
                                (no ring)
                                (no ring)

@: no status effects
A: almost no armour, stealthy swim, amphibious, 8 rings, constrict 8, camouflage
1, gelatinous body 1
a: no special abilities


You were on level 2 of the Dungeon.
You were hungry.

You visited 1 branch of the dungeon, and saw 2 of its levels.

You collected 60 gold pieces.

Inventory:

Hand Weapons
 a - a +0 long sword
 d - a +1 short sword of venom (weapon)
 k - a +0 dagger of draining
Armour
 b - a +0 shield (worn)
Scrolls
 h - a scroll of noise {unknown}
 j - a scroll of identify {unknown}
Potions
 c - a potion of might {Str+5 DMG+1d10 | @q3}
 e - a potion of lignification {unknown}
 f - a potion of berserk rage {unknown}
 g - a potion of flight {unknown}
 i - a potion of magic {unknown}
 l - a potion of haste {unknown}
 m - 2 potions of curing {unknown}
Comestibles
 z - 3 rations


   Skills:
 + Level 3.5 Fighting
 - Level 2.0 Long Blades
 + Level 3.6 Dodging
 + Level 2.5 Stealth
 + Level 3.6 Shields


You had 3 spell levels left.
You didn't know any spells.
Your spell library was empty.

Dungeon Overview and Level Annotations

Branches:
Dungeon (2/15)

Altars:

Annotations:
D:2 Sigmund


Innate Abilities, Weirdness & Mutations

You cannot wear most types of armour.
You are very stealthy in the water. (Stealth+)
You are amphibious.
You can wear up to eight rings at the same time.
You can use your tentacles to constrict eight enemies at once.
Your skin changes colour to match your surroundings (Stealth+).
Your rubbery body absorbs attacks. (AC +1, EV +1)


Message History

You kill the worm!
You block Sigmund's attack.
You closely miss Sigmund. You grab Sigmund. You squeeze Sigmund!
Sigmund is moderately wounded.
You constrict Sigmund.
Sigmund hits you with a +1 scythe of flaming!
Sigmund burns you.
You take 14 damage, and have 11/31 hp.
MASSIVE DAMAGE!!
You hit Sigmund.
Sigmund is poisoned.
Sigmund is moderately wounded.
You constrict Sigmund. Sigmund casts a spell at you. The magic dart hits you.
* * * LOW HITPOINT WARNING * * *
You take 5 damage, and have 6/31 hp.
You hit Sigmund.
Sigmund looks as sick as possible!
Sigmund is severely wounded.
You constrict Sigmund.
Sigmund hits you with a +1 scythe of flaming!
You die...

..># #..# #..# #..
#.. ###.########.#
#............#
#.#.#############.
#.#.#.....@@...(..
#.#.#.############
#.....# ###.### #.
#.# #. #)# #. #)#
###. #.# ....##
#.#


You could see Sigmund.

Vanquished Creatures
  4 gnolls
  A worm (D:2)
  2 dart slugs (D:2)
  A leopard gecko (D:1)
  5 bats
  3 giant cockroaches
  4 goblins (D:1)
  2 hobgoblins (D:1)
  6 kobolds (D:1)
  A quokka (D:2)
  5 frilled lizards
  5 rats
39 creatures vanquished.

Notes
Turn   | Place    | Note
-------+----------+-------------------------------------------
     0 | D:1      | Redear the Octopode Fighter began the quest for the Orb.
     0 | D:1      | Reached XP level 1. HP: 16/16 MP: 1/1
   117 | D:1      | Reached skill level 1 in Stealth
   117 | D:1      | Reached XP level 2. HP: 21/21 MP: 2/2
   418 | D:1      | Reached XP level 3. HP: 20/26 MP: 3/3
   669 | D:1      | Reached skill level 2 in Stealth
  1506 | D:2      | Reached XP level 4. HP: 31/31 MP: 4/4
  1534 | D:2      | Noticed Sigmund
  1543 | D:2      | Slain by Sigmund

Levels and vault maps discovered:
D:1:      dpeg_arrival_stonehenge_8_columns, layout_basic,
          minmay_strange_pillars, minmay_tree_intersection, patterned_corridor
D:2:      minmay_evil_eye, layout_basic, uniq_terence, uniq_crazy_yiuf_cottage,
          uniq_sigmund

Skill      XL: |  1  2  3 |
---------------+----------+-----
Stealth        | 1 2 |  2.5
Fighting       | |  3.5
Long Blades    | |  2.0
Dodging        | |  3.6
Shields        | |  3.6

Action                   |  1- 3 |  4- 6 || total
-------------------------+-------+-------++-------
Melee: Long sword        |     7 |       ||     7
       Short sword       |    54 |    10 ||    64
       Constrict         |    13 |     3 ||    16
       Tentacles         |     6 |     2 ||     8
 Stab: Sleeping          |     7 |       ||     7
  Eat: Chunk             |     1 |       ||     1
Armor: Skin              |     1 |       ||     1
Dodge: Dodged            |    22 |       ||    22
Block: Shield            |    17 |     3 ||    20

Table legend:
 A = Non-vault XP
 B = Vault XP
 C = Vault XP percentage of total XP
 D = Non-vault monster count
 E = Vault monster count
 F = Vault count percentage of total count
                 A         B        C        D         E       F
            +---------+---------+-------+---------+---------+-------
      Total |     111 |       7 |   5.9 |      36 |       3 |   7.7
            +---------+---------+-------+---------+---------+-------
        D:1 |      55 |       0 |   0.0 |      27 |       0 |   0.0
        D:2 |      56 |       7 |  11.1 |       9 |       3 |  25.0
            +---------+---------+-------+---------+---------+-------
